 Dungeon Crawl Stone Soup version 0.27-a0-200-g8ba017916c (webtiles) character file.

Game seed: 8833747648780874587

124642 gimp the Destroyer (level 16, -18/109 HPs)
             Began as a Demonspawn Hedge Wizard on Jan 30, 2021.
             Was an Initiate of Gozag.
             Killed from afar by a merfolk aquamancer (35 damage)
             ... with a torrent of water
             ... on level 2 of the Shoals.
             The game lasted 01:36:55 (35386 turns).

gimp the Destroyer (Demonspawn Hedge Wizard)       Turns: 35386, Time: 01:36:56

Health: -18/109    AC: 17    Str: 15    XL:     16   Next: 39%
Magic:  0/30       EV: 15    Int: 28    God:    Gozag
Gold:   1949       SH:  5    Dex: 13    Spells: 1/35 levels left

rFire    + . .     SeeInvis +   b - +2 dagger (elec)
rCold    + + .     Faith    .   (no shield)
rNeg     + + .     Spirit   +   P - +0 swamp dragon scales
rPois    +         Reflect  +   T - +2 hat {Will+}
rElec    .         Harm     .   N - +1 cloak
rCorr    .         Rampage  .   e - +1 pair of gloves
Will     +++..                  (no boots)
Stlth    ++++......             Y - amulet of reflection
HPRegen  0.28/turn              y - ring of the Zebra {rF+ rN+ Str+4 SInv}
MPRegen  0.44/turn              s - ring "Kazxuk" {rC+ rN+ Will+ Int+6}

@: gold aura
A: talons 2, iridescent scales 1, cold resistance 1, spiny 2, magic shield,
magic regeneration
a: Renounce Religion, Potion Petition, Call Merchant, Bribe Branch


You were on level 2 of the Shoals.
You worshipped Gozag.
Gozag was most pleased with you.
You visited 6 branches of the dungeon, and saw 29 of its levels.
You also visited: Ice Cave.

You collected 9562 gold pieces.
You spent 6030 gold pieces at shops.
You paid 1583 gold pieces to Gozag.

Inventory:

Hand Weapons
 b - a +2 dagger of electrocution (weapon)
Missiles
 A - 87 poisoned darts
 K - 9 throwing nets
 L - 9 curare-tipped darts
Armour
 e - a +1 pair of gloves (worn)
 B - a +3 leather armour of willpower
 N - a +1 cloak (worn)
 P - +0 swamp dragon scales (worn)
 T - a +2 hat of willpower (worn)
Magical Staves
 a - an uncursed staff of earth
Jewellery
 g - an uncursed ring of flight
 l - an uncursed ring of poison resistance
 o - an uncursed amulet of regeneration
 s - the ring "Kazxuk" (right hand) {rC+ rN+ Will+ Int+6}
   (You bought it in a shop on level 2 of the Lair of Beasts)

   [ring of intelligence]

   It affects your intelligence (+6).
   It protects you from cold.
   It protects you from negative energy.
   It affects your willpower, your defense against some magical effects.
 y - the ring of the Zebra (left hand) {rF+ rN+ Str+4 SInv}
   (You bought it in a shop on level 2 of the Orcish Mines)

   [ring of see invisible]

   It affects your strength (+4).
   It protects you from fire.
   It protects you from negative energy.
   It lets you see invisible.
 S - the ring of Jyall {Ice *Corrode rElec Str+8}
   (You found it on level 11 of the Dungeon)

   [ring of ice]

   It enhances your ice magic.
   It affects your strength (+8).
   It makes you vulnerable to fire.
   It protects you from cold.
   It insulates you from electricity.
   It may corrode you when you take damage.
 Y - an amulet of reflection (around neck)
Wands
 x - a wand of acid (35)
 C - a wand of flame (37)
 F - a wand of digging (3)
 G - a wand of iceblast (6)
 I - a wand of paralysis (8)
 Q - a wand of mindburst (31)
Scrolls
 d - 19 scrolls of teleportation
 h - 4 scrolls of enchant weapon
 m - 3 scrolls of silence
 n - 8 scrolls of magic mapping
 p - 4 scrolls of fear
 t - 12 scrolls of remove curse
 u - 5 scrolls of fog
 v - 12 scrolls of amnesia
 D - 2 scrolls of enchant armour
 H - 2 scrolls of blinking
 M - 2 scrolls of vulnerability
 U - a scroll of identify
Potions
 c - 2 potions of cancellation
 f - 4 potions of might
 i - 4 potions of brilliance
 j - 6 potions of heal wounds
 k - 3 potions of mutation
 q - 2 potions of invisibility
 r - 13 potions of ambrosia
 E - 3 potions of berserk rage
 O - 2 potions of haste
 R - 6 potions of magic
 W - 2 potions of curing
Miscellaneous
 w - a phantom mirror
 z - a box of beasts (inert)


   Skills:
 - Level 5.0 Fighting
 - Level 12.0 Short Blades
 - Level 6.0 Armour
 + Level 8.1 Dodging
 - Level 10.3 Stealth
 - Level 10.0 Spellcasting
 - Level 12.1 Conjurations
 - Level 1.0 Summonings
 - Level 8.0 Necromancy
 - Level 2.0 Translocations
 - Level 6.0 Transmutations
 + Level 4.5 Fire Magic
 - Level 4.0 Air Magic
 + Level 9.9 Earth Magic
 - Level 2.0 Poison Magic


You had one spell level left.
You knew the following spells:

 Your Spells              Type           Power        Failure   Level
a - Magic Dart            Conj           100%         1%          1
b - Blink                 Tloc           N/A          4%          2
c - Mephitic Cloud        Conj/Pois/Air  47%          1%          3
d - Invisibility          Hex            14%          100%        6
e - Petrify               Tmut/Erth      56%          2%          4
f - Bolt of Magma         Conj/Fire/Erth 29%          5%          5
g - Borgnjor's Vile Clut  Necr/Erth      29%          4%          5
h - Call Canine Familiar  Summ           19%          14%         3
i - Irradiate             Conj/Tmut      29%          4%          5

Your spell library contained the following spells:

 Spells                   Type           Power        Failure   Level
 Animate Skeleton         Necr           100%         1%          1
 Foxfire                  Conj/Fire      100%         1%          1
 Sandblast                Erth           100%         1%          1
 Shock                    Conj/Air       100%         1%          1
 Apportation              Tloc           50%          3%          1
 Summon Small Mammal      Summ           76%          4%          1
 Corona                   Hex            15%          7%          1
 Sublimation of Blood     Necr           28%          1%          2
 Swiftness                Air            36%          1%          2
 Conjure Flame            Conj/Fire      57%          1%          3
 Static Discharge         Conj/Air       56%          1%          3
 Animate Dead             Necr           28%          2%          4
 Sticky Flame             Conj/Fire      57%          2%          4
 Ignite Poison            Fire/Tmut/Pois 37%          3%          3
 Fireball                 Conj/Fire      28%          6%          5
 Call Imp                 Summ           19%          7%          2
 Agony                    Necr           56%          8%          5
 Excruciating Wounds      Necr           28%          8%          5
 Lightning Bolt           Conj/Air       28%          8%          5
 Inner Flame              Hex/Fire       26%          9%          3
 Gell's Gravitas          Tloc           12%          10%         3
 Lesser Beckoning         Tloc           12%          10%         3
 Slow                     Hex            14%          11%         2
 Airstrike                Air            18%          14%         4
 Summon Guardian Golem    Hex/Summ       16%          17%         3
 Confusing Touch          Hex            14%          22%         3
 Tukima's Dance           Hex            14%          22%         3
 Summon Lightning Spire   Summ/Air       28%          26%         4
 Alistair's Intoxication  Tmut/Pois      24%          36%         5
 Death Channel            Necr           28%          38%         6
 Summon Ice Beast         Ice/Summ       16%          50%         4
 Yara's Violent Unravell  Hex/Tmut       15%          50%         5
 Metabolic Englaciation   Hex/Ice        7%           89%         5
 Eringya's Noxious Bog    Tmut/Pois      18%          91%         6
 Simulacrum               Ice/Necr       18%          91%         6
 Shatter                  Erth           31%          100%        9


Dungeon Overview and Level Annotations

Branches:
Dungeon (15/15)            Temple (1/1) D:7            Lair (6/6) D:11
 Shoals (2/4) Lair:3        Snake (3/4) Lair:2        Slime (0/5) Lair:6
    Orc (2/2) D:9             Elf (0/3) Orc:2        Vaults (0/5) D:14
 Depths (0/5) D:15          IceCv (visited)

Altars:
Ashenzari
Cheibriados
Dithmenos
Elyvilon
Fedhas
Gozag
Kikubaaqudgha
Makhleb
Nemelex Xobeh
Okawaru
Qazlal
Ru
Sif Muna
Trog
Uskayaw
Vehumet
Wu Jian
Xom
Yredelemnul
Zin
The Shining One

Shops:
D:4 (   D:12 =   D:14 :   Orc:2 =(*?!   Lair:2 =   Lair:5 :   Snake:1 =}
Snake:2 (

Portals:
Trove: D:12 (give +7 demon trident)

Annotations:
D:2 Natasha, Terence
D:14 Roxanne
Lair:5 exclusion: oklob plant
Lair:6 2 runed translucent doors
Snake:2 Mara


Innate Abilities, Weirdness & Mutations

You have razor-sharp toenails.
You are partially covered in iridescent scales. (AC +2)
Your flesh is cold resistant. (rC+)
You are mostly covered in sharp spines.
When hurt, damage is shared between your health and your magic reserves.
You regenerate magic rapidly.


Message History

The water elemental hits you!
* * * LOW HITPOINT WARNING * * *
You take 5 damage, and have 17/109 hp.
You now have 3/30 mp.
The merfolk completely misses the merfolk.
The merfolk javelineer is engulfed in noxious fumes.
The merfolk javelineer appears confused.
The water nymph is engulfed in noxious fumes.
The water nymph appears confused.
The water nymph chortles and stares into space.
The water nymph barely misses the water elemental.
The faun shoots a stone.
The stone hits you but does no damage.
The faun unwields a +0 spear.
The faun wields a +0 hunting sling.
The faun shoots a stone.
You reflect the stone off an invisible shield around you!
The stone barely misses the faun.
The merfolk aquamancer casts a spell at you.
The torrent of water passes through the water elemental. x2
The torrent of water hits you!!!
You die...
Your body crumbles into a pile of gold.

≈≈≈≈.....$.# .≈≈≈...≈...
≈≈≈≈...c..###.≈≈≈≈≈≈≈≈..
≈≈≈≈...m.m##.≈≈≈≈≈≈≈≈≈≈.
≈≈≈...t.m≈≈cm≈≈≈≈≈≈≈≈≈≈≈
≈≈.....>§○≈m≈≈≈≈≈≈≈≈≈≈≈≈
≈≈....EEH≈≈≈≈≈≈≈≈≈≈≈≈≈≈≈
≈≈.##cEm☼≈≈≈≈≈≈≈≈≈≈≈≈≈≈
≈≈≈###.≈≈≈≈≈≈≈≈≈≈≈≈≈≈≈..
≈≈≈≈≈≈≈.@..≈≈≈≈≈≈≈≈≈≈≈≈≈≈
≈≈≈≈≈≈≈≈...≈≈≈≈≈≈≈≈≈≈≈≈≈≈
≈≈≈≈≈≈≈..##≈≈≈≈≈≈≈≈≈≈≈≈≈≈
≈≈≈≈≈≈≈≈##.≈≈≈≈≈≈≈≈≈≈≈≈≈≈
≈≈≈≈≈≈≈≈≈ ≈≈≈≈≈≈≈≈≈≈≈≈≈.
≈≈≈≈≈≈≈≈≈ ≈≈≈≈≈≈≈≈≈≈≈≈.
≈≈≈≈≈≈≈≈≈ ≈≈≈≈≈≈≈≈≈.
≈≈≈≈≈≈≈ ≈≈≈≈≈≈≈≈≈≈
≈≈≈≈≈≈≈≈≈≈


You could see a merfolk javelineer (confused), a merfolk aquamancer, a snapping
turtle, 3 merfolk, 3 fauns, a manticore, 3 water elementals and a water nymph
(confused).

Vanquished Creatures
  Rupert (Lair:3)
  Gastronok (Orc:1)
  An orc warlord (Orc:2)
  Louise (D:15)
  An ironheart preserver (D:13)
  A merfolk impaler (Lair:3)
  3 naga warriors
  3 anacondas
  2 boulder beetles
  3 catoblepae
  4 centaur warriors (D:14)
  4 hydras
  2 death knights (D:14)
  7 two-headed ogres
  A merfolk aquamancer (Lair:3)
  5 orc high priests
  A tengu warrior (D:13)
  2 shock serpents (Snake:2)
  7 naga sharpshooters
  Nergalle (Lair:2)
  A salamander mystic (Snake:2)
  An unseen horror (shapeshifter) (D:15)
  An unseen horror (D:14)
  2 sea snakes
  A naga ritualist (Snake:2)
  3 deep elf zephyrmancers (Orc:1)
  A deep elf archer (Orc:1)
  5 lindwurms
  2 wolf spider zombies
  5 harpies
  An oklob plant (Snake:1)
  5 mana vipers
  5 orc sorcerers
  6 orc knights
  2 cyclopes
  2 ugly things
  6 manticores
  3 fauns (Lair:3)
  2 salamanders (Snake:2)
  15 black mambas
  13 elephants
  3 naga magi
  2 water nymphs
  4 merfolk sirens
  3 molten gargoyles (Lair:6)
  7 centaur zombies
  A centaur skeleton (D:14)
  Maggie (D:9)
  13 cane toads
  A gargoyle (D:13)
  A yaktaur (D:15)
  13 komodo dragons
  Psyche (D:9)
  5 kobold demonologists
  2 rime drakes
  A queen bee (D:10)
  A polar bear (Lair:2)
  8 merfolk
  7 trolls
  A hornet (D:9)
  3 wind drakes
  10 dream sheep
  11 blink frogs
  A meliai zombie (D:15)
  2 snapping turtles (Shoals:1)
  3 slime creatures
  3 vampires
  6 water elementals
  8 wyverns
  45 yaks
  Eustachio (D:4)
  2 wraiths
  8 basilisks
  3 steam dragons (Lair:6)
  5 vampire mosquitoes
  7 wargs
  17 nagas
  4 acid dragons
  12 water moccasins
  A soldier ant (D:12)
  3 hell hounds (Lair:6)
  6 sky beasts
  A swamp drake (D:11)
  35 orc warriors
  4 ice beasts
  12 ogres
  4 phantoms
  2 black bears
  An eye of draining (D:9)
  28 wolves
  2 necrophages
  15 centaurs
  4 big kobolds
  Blork the orc (D:4)
  A wyvern zombie (D:14)
  20 bullfrogs
  A water moccasin zombie (D:11)
  2 wyvern skeletons
  8 scorpions
  29 wights
  32 killer bees
  8 howler monkeys
  2 quasits
  5 bullfrog zombies
  5 lava snakes (Lair:6)
  5 hounds
  4 jellies
  16 orc priests
  3 bullfrog skeletons
  2 iguanas
  28 orc wizards
  16 worker ants
  4 hound skeletons
  A worker ant zombie (D:11)
  A howler monkey zombie (D:7)
  4 gnolls (D:6)
  2 howler monkey skeletons
  9 adders
  2 white imps (D:6)
  An ooze (D:4)
  An adder zombie (D:7)
  2 dart slugs
  3 leopard geckos
  79 orcs
  4 giant cockroaches
  4 goblins
  9 hobgoblins
  3 jackals
  6 quokkas
  7 bats
  6 frilled lizards
  10 kobolds
  A rat (D:1)
824 creatures vanquished.

Vanquished Creatures (collateral kills)
  A hydra (Lair:2)
1 creature vanquished.

Vanquished Creatures (others)
  A killer bee (D:10)
  An orc wizard (Orc:2)
  18 fungi
  35 plants
55 creatures vanquished.

Grand Total: 880 creatures vanquished

Notes
Turn   | Place    | Note
-------+----------+-------------------------------------------
     0 | D:1      | gimp the Demonspawn Hedge Wizard began the quest for the
                  | Orb.
     0 | D:1      | Reached XP level 1. HP: 13/13 MP: 4/4
   348 | D:1      | Reached skill level 1 in Fighting
   463 | D:1      | Gained mutation: You have sharp toenails. [demonic
                  | ancestry]
   463 | D:1      | Reached XP level 2. HP: 14/22 MP: 0/6
  1195 | D:1      | Learned a level 2 spell: Blink
  1468 | D:1      | Gained mutation: You regenerate magic rapidly. [demonic
                  | ancestry]
  1468 | D:1      | Reached XP level 3. HP: 28/28 MP: 4/7
  2117 | D:2      | Noticed Natasha
  2220 | D:2      | Noticed Terence
  2295 | D:3      | Learned a level 3 spell: Mephitic Cloud
  3042 | D:3      | Gained mutation: You are partially covered in sharp spines.
                  | [demonic ancestry]
  3042 | D:3      | Reached XP level 4. HP: 34/34 MP: 5/8
  3278 | D:3      | Reached skill level 1 in Poison Magic
  3281 | D:3      | Learned a level 2 spell: Call Imp
  3346 | D:4      | Noticed Eustachio
  3498 | D:4      | Found Vuemen's Weapon Shoppe.
  3685 | D:4      | Reached XP level 5. HP: 41/41 MP: 7/9
  3885 | D:4      | Noticed an ogre
  3902 | D:4      | Killed an ogre
  3948 | D:4      | Reached XP level 6. HP: 47/47 MP: 5/10
  4199 | D:5      | Entered Level 5 of the Dungeon
  4283 | D:5      | Reached skill level 5 in Conjurations
  4390 | D:5      | Reached XP level 7. HP: 52/52 MP: 3/11
  4474 | D:5      | Identified the cursed +1 ring mail "Micloghe" {Str+5 Dex+3}
                  | (You found it on level 5 of the Dungeon)
  5142 | D:6      | Reached skill level 1 in Air Magic
  5521 | D:4      | Noticed Blork the orc
  5535 | D:4      | Killed Blork the orc
  5717 | D:4      | Killed Eustachio
  5718 | D:4      | Gained mutation: When hurt, damage is shared between your
                  | health and your magic reserves. [demonic ancestry]
  5718 | D:4      | Reached XP level 8. HP: 44/58 MP: 10/14
  6492 | D:6      | Reached skill level 1 in Armour
  6826 | D:6      | Found a shadowy altar of Dithmenos.
  6884 | D:6      | Reached skill level 5 in Spellcasting
  7198 | D:4      | Bought a +2 short sword of venom for 156 gold pieces
  7345 | D:7      | Reached XP level 9. HP: 63/63 MP: 11/16
  7401 | D:7      | Found a staircase to the Ecumenical Temple.
  7468 | Temple   | Entered the Ecumenical Temple
  7857 | Temple   | Became a worshipper of Gozag Ym Sagoz the Greedy
  8189 | D:8      | Noticed a two-headed ogre
  8244 | D:8      | Killed a two-headed ogre
  8258 | D:8      | Noticed a two-headed ogre
  8299 | D:7      | Reached skill level 5 in Stealth
  8569 | D:8      | Killed a two-headed ogre
  8570 | D:8      | Reached skill level 10 in Conjurations
  8570 | D:8      | Reached XP level 10. HP: 42/70 MP: 6/19
  8674 | D:8      | Noticed a two-headed hydra
  8700 | D:8      | Killed a one-headed hydra
  9412 | D:9      | Paralysed by a hornet for 2 turns
  9416 | D:9      | Paralysed by a hornet for 1 turns
  9419 | D:9      | Reached skill level 1 in Translocations
  9564 | D:9      | Reached skill level 1 in Short Blades
  9832 | D:9      | Noticed Psyche
  9853 | D:9      | Killed Psyche
  9921 | D:9      | Found a staircase to the Orcish Mines.
 10057 | D:9      | Noticed Maggie
 10068 | D:9      | Killed Maggie
 10069 | D:9      | Gained mutation: You are mostly covered in sharp spines.
                  | [demonic ancestry]
 10069 | D:9      | Reached XP level 11. HP: 75/75 MP: 17/20
 10290 | D:10     | Entered Level 10 of the Dungeon
 10312 | D:10     | Noticed a two-headed ogre
 10331 | D:10     | Killed a two-headed ogre
 10604 | D:10     | Found a bloodstained altar of Trog.
 10689 | D:10     | Got a slimy robe
 10712 | D:10     | Identified the +1 robe of the Butterfly {-Cast Will++} (You
                  | found it on level 10 of the Dungeon)
 11117 | D:11     | Noticed a white ugly thing
 11215 | D:11     | Got a flickering golden ring
 11217 | D:11     | Identified the ring of Jyall {Ice *Corrode rElec Str+8}
                  | (You found it on level 11 of the Dungeon)
 11228 | D:11     | Noticed a two-headed ogre
 11243 | D:11     | Killed a two-headed ogre
 11260 | D:11     | Reached skill level 5 in Short Blades
 11711 | D:11     | Killed a white ugly thing
 11920 | D:11     | Found a staircase to the Lair.
 12166 | D:12     | Found a portal to a secret trove of treasure.
 12203 | D:12     | Reached skill level 5 in Armour
 12203 | D:12     | Gained mutation: You have razor-sharp toenails. [demonic
                  | ancestry]
 12203 | D:12     | Reached XP level 12. HP: 81/81 MP: 24/24
 12393 | Orc:1    | Entered Level 1 of the Orcish Mines
 12458 | Orc:1    | Paralysed by an orc sorcerer for 2 turns
 12529 | Orc:1    | Noticed an orc high priest
 12543 | Orc:1    | Killed an orc high priest
 13266 | Orc:2    | Entered Level 2 of the Orcish Mines
 13595 | Lair:1   | Entered Level 1 of the Lair of Beasts
 14497 | Lair:2   | Noticed Nergalle
 14538 | Lair:2   | Killed Nergalle
 14565 | Lair:2   | Found a frozen archway.
 14650 | IceCv    | Entered an ice cave
 14738 | Lair:2   | Noticed a six-headed hydra
 14749 | Lair:2   | Found a staircase to the Snake Pit.
 15186 | Lair:2   | Killed a six-headed hydra
 15502 | Lair:2   | Got a masterwork chain mail
 15513 | Lair:2   | Identified the +1 chain mail "Tocreatzo" {Str-5 Dex+4} (You
                  | found it on level 2 of the Lair of Beasts)
 15557 | Lair:3   | Noticed a catoblepas
 15591 | Lair:2   | Bought the ring "Kazxuk" {rC+ rN+ Will+ Int+6} for 1152
                  | gold pieces
 15796 | Lair:3   | Found a staircase to the Shoals.
 15828 | Lair:3   | Noticed Rupert
 15932 | Lair:3   | Reached skill level 10 in Spellcasting
 16165 | Lair:3   | Reached XP level 13. HP: 41/86 MP: 11/27
 16202 | Lair:3   | Reached skill level 5 in Dodging
 18077 | Lair:5   | Learned a level 4 spell: Petrify
 18300 | Lair:6   | Entered Level 6 of the Lair of Beasts
 18386 | Lair:6   | Reached skill level 1 in Earth Magic
 18406 | Lair:6   | Reached skill level 1 in Transmutations
 18526 | Lair:5   | Bought the Grimoire of Poisonous Arcane Weapons for 825
                  | gold pieces
 18532 | Lair:5   | Learned a level 5 spell: Bolt of Magma
 18709 | Lair:6   | Reached skill level 10 in Short Blades
 19598 | Lair:6   | Gained mutation: You are partially covered in iridescent
                  | scales. (AC +2) [demonic ancestry]
 19598 | Lair:6   | Reached XP level 14. HP: 51/93 MP: 12/28
 20103 | Lair:6   | Found a large runed translucent door.
 20103 | Lair:6   | Found a large runed translucent door.
 20493 | Lair:6   | Found a staircase to the Slime Pits.
 20500 | Lair:6   | Learned a level 5 spell: Borgnjor's Vile Clutch
 21213 | Orc:2    | Found Sama's Distillery.
 21646 | Orc:2    | Found a staircase to the Elven Halls.
 21983 | Orc:2    | Reached skill level 10 in Stealth
 21983 | Orc:2    | Reached skill level 5 in Earth Magic
 22119 | Orc:2    | Found Girof's Jewellery Shop.
 22119 | Orc:2    | Found Veatsid's Weapon Shoppe.
 22121 | Orc:2    | Found Sonasch's General Store.
 22121 | Orc:2    | Found Paexevou's Magic Scroll Shoppe.
 22130 | Orc:2    | Bought a scroll of fear for 45 gold pieces
 22130 | Orc:2    | Bought a scroll of identify for 26 gold pieces
 22130 | Orc:2    | Bought a scroll of magic mapping for 45 gold pieces
 22130 | Orc:2    | Bought a scroll of fog for 26 gold pieces
 22130 | Orc:2    | Bought a scroll of teleportation for 39 gold pieces
 22138 | Orc:2    | Bought the ring of the Zebra {rF+ rN+ Str+4 SInv} for 624
                  | gold pieces
 22144 | Orc:2    | Bought a box of beasts for 640 gold pieces
 22144 | Orc:2    | Bought 3 curare-tipped darts for 28 gold pieces
 22147 | Orc:2    | Bought a +2 dagger of electrocution for 187 gold pieces
 22197 | Orc:2    | Bought 2 potions of magic for 208 gold pieces
 22197 | Orc:2    | Bought a potion of heal wounds for 65 gold pieces
 22250 | Orc:1    | Noticed Gastronok
 22263 | Orc:1    | Killed Gastronok
 22516 | Orc:1    | Noticed an orc warlord
 22546 | Orc:2    | Killed an orc warlord
 23173 | D:12     | Found Cott's Jewellery Shoppe.
 23774 | D:13     | Learned a level 3 spell: Call Canine Familiar
 24906 | D:14     | Noticed an ironheart preserver
 24939 | D:14     | Gained mutation: Your flesh is cold resistant. (rC+)
                  | [demonic ancestry]
 24939 | D:14     | Reached XP level 15. HP: 31/98 MP: 5/29
 25138 | D:14     | Found a gate to the Vaults.
 25180 | D:14     | Found Reumib's Book Shoppe.
 25191 | D:14     | Bought a book of Party Tricks for 900 gold pieces
 25200 | D:14     | Learned a level 6 spell: Invisibility
 25311 | D:14     | Identified Roxanne's Grimoire of Shape Shifting
 25311 | D:14     | Noticed Roxanne
 25350 | D:14     | Reached skill level 5 in Transmutations
 25544 | D:14     | Identified the Papyrus of Ashen Dark Secrets
 26199 | D:15     | Entered Level 15 of the Dungeon
 26292 | D:15     | Noticed Louise
 26313 | D:15     | Killed Louise
 26412 | D:15     | Found a staircase to the Depths.
 26412 | D:15     | Noticed a fire giant
 27374 | Snake:1  | Entered Level 1 of the Snake Pit
 27540 | Lair:2   | Reached skill level 1 in Necromancy
 28271 | Snake:1  | Reached skill level 1 in Fire Magic
 29069 | Snake:1  | Found Geuntett's Gadget Emporium.
 29069 | Snake:1  | Found Jeloxunu's Jewellery Shoppe.
 29104 | Snake:1  | Bought a phantom mirror for 560 gold pieces
 29104 | Snake:1  | Bought a wand of acid (9) for 364 gold pieces
 29104 | Snake:1  | Bought a wand of iceblast (6) for 140 gold pieces
 29206 | Snake:1  | Found a stormy altar of Qazlal.
 29729 | Snake:2  | Found a shimmering altar of Xom.
 30308 | Snake:2  | Reached skill level 5 in Necromancy
 30354 | Snake:2  | Found Liozxeh's Weapon Shoppe.
 30836 | Snake:2  | Reached skill level 5 in Fighting
 31001 | Snake:3  | Noticed Mara
 31256 | Lair:3   | Killed Rupert
 31257 | Lair:3   | Reached XP level 16. HP: 109/109 MP: 18/30
 32319 | Lair:3   | Learned a level 5 spell: Irradiate
 32367 | Shoals:1 | Entered Level 1 of the Shoals
 35386 | Shoals:2 | Killed from afar by a merfolk aquamancer

Illustrated notes

Levels and vault maps discovered:
D:1:      roderic_octagonal_star, layout_basic, minmay_stone_trees_small,
          minmay_misc_feat_cross, minmay_ruptured
D:2:      layout_basic, gammafunk_temple_overflow_pools, minmay_surrounded,
          uniq_terence, uniq_robin, uniq_natasha, uniq_crazy_yiuf_cottage
D:3:      layout_rooms, serial_co_window_serial, co_window_paths_a,
          co_window_paths_b, co_window_paths_a, co_window_of_opportunity_a,
          co_window_corner_a, co_window_paths_c, co_window_unsneaky_path_b,
          co_window_unsneaky_path_c, co_window_corner_cb, co_window_broadway_b,
          co_window_cross_2, co_window_sun, glass_columns_a, glass_columns_b,
          glass_columns_c, glass_columns_a
D:4:      layout_basic, serial_shops, nicolae_shop_window_shopping,
          uniq_blork_the_orc, uniq_eustachio
D:5:      layout_basic, serial_bayou_pond_b
D:6:      layout_loops_ring, grunt_dithmenos_smoke_and_mirrors
D:7:      layout_cave_pools, minmay_temple_entry_ruins, grunt_ministairs_7
D:8:      layout_rooms, hangedman_ranch [blue_anna_fruit_fields]
D:9:      layout_loops_cross, minmay_orc_entry_guard_dogs, uniq_maggie,
          uniq_psyche
D:10:     layout_rooms, special_room [special_room_bee], trog_book
D:11:     layout_irregular_city, erik_lair_dragon
D:12:     layout_basic, serial_shops, shop_coins, enter_trove_0
D:13:     layout_loops_ring, minmay_puff
D:14:     layout_loops_corners, skrybe_vaults_entry_preservation, serial_shops,
          kennysheep_little_box, chequers_arboretum,
          minmay_mirror_moons_of_madness, uniq_roxanne
D:15:     grunt_enter_depths_giant_problem, layout_basic, minmay_curled_crystal,
          uniq_louise
Temple:   regret_index_temple_chain_breaker
Lair:1:   layout_regular_city
Lair:2:   layout_chaotic_city, minmay_snake_entry_guardpost_medium,
          portal_ice_cave_entry_pillars_1, infiniplex_staircase_pool,
          uniq_nergalle
Lair:3:   layout_concentric_octagons, minmay_shoals_entry_beasts, st_stairs_9,
          minmay_lindwurm_lava, uniq_rupert
Lair:4:   layout_hall_layers, grunt_megastairs_2
Lair:5:   layout_gridlike, minmay_lair_oklob_items, minmay_holes,
          serial_bayou_shore_a, grunt_megastairs_4
Lair:6:   cheibrodos_lair_end_hotspot, layout_hall_layers,
          minmay_slime_entry_pillars
Shoals:1: layout_shoals
Shoals:2: layout_shoals, nicolae_shoals_so_close
Snake:1:  layout_layer_cave, lemuel_oklob_altar, minmay_shoptagon
Snake:2:  layout_basic, basic_altar, minmay_shop_star
Snake:3:  layout_grid_maze, basic_altar, uniq_mara, uniq_vashnia,
          uniq_bai_suzhen
Orc:1:    layout_diamond_mine, elf_legates, uniq_gastronok
Orc:2:    grunt_orc_tribal_feast, layout_caves, serial_shops, shop

Skill      XL: |  1  2  3  4  5  6  7  8  9 10 11 12 13 14 15 16 |
---------------+-------------------------------------------------+-----
Fighting       | 1 2 3 5 |  5.0
Conjurations   | 2 3 4 5 6 7 10 12 | 12.1
Poison Magic   | 1 2 |  2.0
Dodging        | 2 3 4 6 7 8 |  8.1
Stealth        | 2 3 5 6 8 9 10 | 10.3
Air Magic      | 2 3 4 |  4.0
Spellcasting   | 4 5 6 8 10 | 10.0
Armour         | 1 3 5 6 |  6.0
Translocations | 2 |  2.0
Short Blades   | 2 5 8 10 11 12 | 12.0
Earth Magic    | 3 6 9 |  9.9
Transmutations | 2 4 6 |  6.0
Necromancy     | 6 8 |  8.0
Fire Magic     | 3 4 |  4.5
Summonings     | |  1.0

Action                   |  1- 3 |  4- 6 |  7- 9 | 10-12 | 13-15 | 16-18 || total
-------------------------+-------+-------+-------+-------+-------+-------++-------
Melee: Dagger            |    15 |    48 |   126 |       |   727 |   173 ||  1089
       Kick              |     3 |    18 |    45 |   226 |   405 |    58 ||   755
       Short sword       |       |       |    55 |   772 |   558 |       ||  1385
       Hand axe          |       |       |       |     8 |       |       ||     8
       Staff             |       |       |       |       |     2 |     2 ||     4
 Cast: Magic Dart        |   120 |    73 |   252 |   289 |   257 |    35 ||  1026
       Mephitic Cloud    |       |     4 |    18 |    53 |    98 |    12 ||   185
       Call Imp          |       |       |       |     6 |    15 |       ||    21
       Petrify           |       |       |       |       |   135 |    69 ||   204
       Blink             |       |       |       |       |     3 |       ||     3
       Bolt of Magma     |       |       |       |       |     8 |       ||     8
       Call Canine Famil |       |       |       |       |     2 |       ||     2
       Borgnjor's Vile C |       |       |       |       |     4 |     6 ||    10
Invok: Call Merchant     |       |       |       |     1 |     1 |       ||     2
Evoke: Wand              |       |       |       |     1 |    16 |       ||    17
       Box of beasts     |       |       |       |       |       |     1 ||     1
  Use: Scroll            |     5 |     3 |     5 |    17 |    10 |     4 ||    44
       Potion            |       |       |       |     3 |     1 |     1 ||     5
 Stab: Confused          |       |       |    13 |    38 |   103 |     4 ||   158
       Sleeping          |       |       |     2 |     2 |     6 |       ||    10
       Distracted        |       |       |       |     3 |     8 |       ||    11
       Paralysed         |       |       |       |     1 |     1 |       ||     2
       Petrified         |       |       |       |       |    67 |    38 ||   105
       Petrifying        |       |       |       |       |     4 |     6 ||    10
Armor: Robe              |    16 |    15 |     7 |       |       |       ||    38
       Leather armour    |       |       |    53 |    44 |       |       ||    97
       Swamp dragon scal |       |       |       |   213 |   321 |    47 ||   581
Dodge: Dodged            |    42 |    32 |   105 |   372 |   602 |   102 ||  1255
Block: Other             |       |       |       |       |     2 |    32 ||    34
       Reflection        |       |       |       |       |       |     4 ||     4

Table legend: (Time is in decaauts)
 A = Elapsed time spent in this place.
 B = Non-inter-level travel time spent in this place.
 C = Inter-level travel time spent in this place.
 D = Time resting spent in this place.
 E = Time spent auto-exploring this place.
 F = Levels seen in this place.
 G = Mean time per level.
                   A        B        C        D        E       F      G
               +--------+--------+--------+--------+--------+-----+--------+
         Total |  34714 |  32233 |   2481 |   3488 |  20818 |  30 | 1157.1 |
       Dungeon |  16812 |  15218 |   1594 |    618 |  10681 |  15 | 1120.8 |
        Temple |    191 |    157 |     34 |      0 |    152 |   1 |  191.0 |
          Lair |  10552 |  10035 |    517 |   2398 |   5405 |   6 | 1758.7 |
        Shoals |   1736 |   1722 |     14 |    281 |   1045 |   2 |  868.0 |
     Snake Pit |   2808 |   2737 |     71 |     23 |   2155 |   3 |  936.0 |
  Orcish Mines |   2608 |   2359 |    249 |    168 |   1380 |   2 | 1304.0 |
      Ice Cave |      6 |      6 |      0 |      0 |      0 |   1 |    6.0 |
               +--------+--------+--------+--------+--------+-----+--------+

Top non-repeatable levels by time:
  Lair:3: 3039 daAuts
  Lair:6: 2172 daAuts
  Lair:2: 2106 daAuts
     D:1: 2053 daAuts
  Lair:5: 1665 daAuts
     D:4: 1561 daAuts
 Snake:1: 1510 daAuts
     D:9: 1378 daAuts
    D:14: 1358 daAuts
Shoals:1: 1342 daAuts
   Orc:1: 1325 daAuts
    D:11: 1322 daAuts
 Snake:2: 1293 daAuts
   Orc:2: 1282 daAuts
     D:3: 1229 daAuts
